cohdb
Replays
Latest Replays
All Replays
Popular Replays
Top Player Replays
Match Explorer
How It Works
Community
CoH3 Stats
Reddit
Sign in to upload your games and track your stats! →
Sign in with Steam
Match 26217489
Unlisted
Match 26217489
Overview
Messages
Build Orders
End
Selects Air and Sea Battlegroup
Vickers Machine Gun Team
Construct Section Command Post
Infantry Section
Infantry Section
Grenade Package
Vickers Machine Gun Team
ML 3-inch Mortar Team
Selects Supply Surplus
Construct Platoon Command Post
6-pounder Anti-tank Gun Team
Unlock M3 Stuart Light Tanks
M3 Stuart Light Tank
Selects Commando Section Paradrop
CMP 15cwt Truck
Construct Resource Cache
Selects M1 Pack Howitzer Paradrop
Construct Company Command Post
Selects Centaur Medium Tank
Matilda II Heavy Tank
6-pounder Anti-tank Gun Team
Selects Incendiary Bombing Run
Incendiary Bombing Run
Unlock Towed 17-pounder Anti-tank Guns
M1 Pack Howitzer Paradrop
Incendiary Bombing Run
gb_gbg
SneaKerz
Diesel
Snoopy
0
0
Comments
sign in to comment!
No comments posted yet!